 Dungeon Crawl Stone Soup version 0.25-a0-425-g0e000e855e (webtiles) character file.

Game seed: 12939650765270725222, levelgen mode: deterministic

23175 Gildeon the Basher (level 12, 73/81 HPs)
             Began as a Demonspawn Fighter on Jan 7, 2020.
             Was an Elder of Hepliaklqana.
             Quit the game on level 13 of the Dungeon on Feb 14, 2020.
             The game lasted 00:58:37 (13801 turns).

Gildeon the Basher (Demonspawn Fighter)            Turns: 13801, Time: 00:58:37

Health: 73/81      AC: 26    Str: 21    XL:     12   Next: 69%
Magic:  10/10      EV: 13    Int: 12    God:    Hepliaklqana [****..]
Gold:   729        SH: 23    Dex: 15    Spells: 18/20 levels left

rFire    . . .     SeeInvis +   j - +2 morningstar (pain)
rCold    + . .     Gourm    .   G - +1 shield {AC+3}
rNeg     . . .     Faith    .   L - +4 scale mail of the Beekeeper {rPois}
rPois    +         Spirit   .   D - +3 crown of Dyrovepreva {rElec Int+2 SInv}
rElec    +         Reflect  +   d - +0 cloak of the Good {MR+ MP-9 Str+2}
rCorr    .         Harm     .   M - +0 pair of gloves
MR       +....                  (no boots)
Stlth    ..........             q - +5 amulet of reflection
HPRegen  0.23/turn              I - ring of protection from cold
MPRegen  0.12/turn              Q - +6 ring of protection

@: no status effects
A: reduced essence, antennae 2, large bone plates 2, demonic guardian 2, powered
by pain 2
a: Recall Ancestor, Ancestor Identity, Transference, Idealise, Renounce Religion


You were on level 13 of the Dungeon.
You worshipped Hepliaklqana.
Hepliaklqana was greatly pleased with you.
You were not hungry.

You visited 2 branches of the dungeon, and saw 14 of its levels.
You also visited: Bailey and Gauntlet.

You collected 1122 gold pieces.
You spent 393 gold pieces at shops.

Inventory:

Hand Weapons
 g - a +1 flail of draining
 j - a +2 morningstar of pain (weapon)
 U - a +0 war axe of electrocution
Armour
 d - the +0 cloak of the Good (worn) {MR+ MP-9 Str+2}
   (You found it in a Gauntlet)

   It affects your strength (+2).
   It affects your resistance to hostile enchantments.
   It affects your magic capacity (-9).
 l - a +1 cloak of invisibility
 z - a +2 chain mail of cold resistance
 D - the +3 crown of Dyrovepreva (worn) {rElec Int+2 SInv}
   (You found it on level 9 of the Dungeon)

   It affects your intelligence (+2).
   It insulates you from electricity.
   It lets you see invisible.
 G - a +1 shield of protection (worn)
 L - the +4 scale mail of the Beekeeper (worn) {rPois}
   (You found it on level 11 of the Dungeon)

   It protects you from poison.
 M - a +0 pair of gloves (worn)
Jewellery
 o - an uncursed ring of ice
 p - an uncursed amulet of regeneration
 q - a +5 amulet of reflection (around neck)
 I - a ring of protection from cold (left hand)
 Q - a +6 ring of protection (right hand)
Wands
 A - a wand of disintegration (14)
 F - a wand of acid (19)
 H - a wand of flame (24)
 N - a wand of digging (3)
 O - a wand of scattershot (4)
Scrolls
 h - 2 scrolls of magic mapping
 i - 4 scrolls of remove curse
 k - a scroll of fear
 s - 4 scrolls of teleportation
 t - 2 scrolls of fog
 u - 2 scrolls of amnesia {unknown}
 x - 3 scrolls of blinking
 y - 7 scrolls of enchant weapon {unknown}
 B - 5 scrolls of enchant armour {unknown}
 C - a scroll of noise {unknown}
 K - a scroll of vulnerability {unknown}
 P - a scroll of summoning {unknown}
Potions
 a - 2 potions of flight
 b - a potion of might
 c - a potion of cancellation {unknown}
 e - 2 potions of lignification
 m - 3 potions of brilliance
 n - 3 potions of magic
 r - 2 potions of resistance {unknown}
 v - a potion of mutation {unknown}
 w - 2 potions of invisibility
 E - a potion of ambrosia {unknown}
 J - 3 potions of curing
 R - a potion of experience {unknown}
 S - 3 potions of heal wounds
 T - a potion of berserk rage {unknown}
Comestibles
 f - 31 rations
 V - 8 chunks of flesh


   Skills:
 + Level 7.6 Fighting
 + Level 11.7 Maces & Flails
 + Level 7.2 Armour
 + Level 7.4 Dodging
 + Level 8.0 Shields
 + Level 4.9 Spellcasting
 - Level 5.0 Invocations
 - Level 5.0 Evocations


You had 18 spell levels left.
You knew the following spells:

 Your Spells              Type           Power        Failure   Level  Hunger
a - Passwall              Tmut/Erth      #.......     88%         2    ##.....

Your spell library contained the following spells:

 Spells                   Type           Power        Failure   Level  Hunger
 Corona                   Hex            #......      77%         1    None
 Magic Dart               Conj           #...         77%         1    None
 Sandblast                Erth           #.....       77%         1    None
 Searing Ray              Conj           #.....       88%         2    ##.....
 Slow                     Hex            #.......     88%         2    ##.....
 Dazzling Flash           Conj/Hex       #.....       98%         3    ###....
 Inner Flame              Hex/Fire       #.......     98%         3    ###....
 Portal Projectile        Hex/Tloc       #.....       98%         3    ###....
 Stone Arrow              Conj/Erth      #.....       98%         3    ###....
 Cause Fear               Hex            #.........   100%        4    ####...
 Fulminant Prism          Conj/Hex       #.........   100%        4    ####...
 Iskenderun's Mystic Bla  Conj/Tloc      #.......     100%        4    ####...
 Leda's Liquefaction      Hex/Erth       #.........   100%        4    ####...
 Petrify                  Tmut/Erth      #.......     100%        4    ####...
 Lee's Rapid Deconstruct  Erth           #.........   100%        5    ######.


Dungeon Overview and Level Annotations

Branches:
Dungeon (13/15)            Temple (1/1) D:6            Lair (0/6) D:9
    Orc (0/2) D:9          Vaults (0/5) D:13         Bailey (visited)
Gauntlet (visited)

Altars:
Ashenzari
Cheibriados
Dithmenos
Elyvilon
Fedhas
Gozag
Hepliaklqana
Kikubaaqudgha
Makhleb
Nemelex Xobeh
Okawaru
Qazlal
Ru
Sif Muna
Trog
Uskayaw
Vehumet
Wu Jian
Xom
Yredelemnul
Zin
The Shining One
Beogh
Lugonu

Shops:
D:4 [   D:8 ((   D:9 [[   D:11 :*(=


Innate Abilities, Weirdness & Mutations

You have a pair of antennae on your head.
You are mostly covered in large bone plates. (SH +6)
A demonic guardian rushes to your aid.
You sometimes gain power by taking damage.
Your life essence is reduced to manifest your ancestor. (-10% HP)


Message History

a +0 chain mail; an orc corpse You butcher the orc corpse.
V - 4 chunks of flesh
Things that are here:
a +0 chain mail; an orc skeleton
Things that are here:
a +0 great sword; a +0 robe; an orc corpse You butcher the orc corpse.
V - 8 chunks of flesh (gained 4)
Things that are here:
a +0 great sword; a +0 robe; an orc skeleton Saving game... please wait.
Welcome back, Gildeon the Demonspawn Fighter.
Hepliaklqana says: Your past becomes your present!
Press ? for a list of commands and other information.
Saving game... please wait.
Welcome back, Gildeon the Demonspawn Fighter.
Hepliaklqana says: Your past becomes your present!
Press ? for a list of commands and other information.
Are you sure you want to abandon this character and quit the game? (Confirm with "yes".)

,,,,,,,,**###..........#
######## ,,,,,,,,*
#.....######## *****+***
#..)...# *,* #.)∩)..###*
*,* #..)......#* *,*
#......##..# **,*
#.########+### **,,*
#......).....# *,,**
#.....@R.....# *,**
#......[....># **,*
#......[.....# ********
**,,*
#.........)..#**,,,,,,,
,,,**
#....!.......#,,,******
,*** #>...........+,***
,* #............#** **
##########.### *
******..***


You could see the friendly Grums the battlemage.

Vanquished Creatures
  A hydra (D:12)
  Harold (D:7)
  2 dancing weapons (D:13)
  3 two-headed ogres
  2 slime creatures (D:12)
  A sixfirhy (Gauntlet)
  A necromancer (Gauntlet)
  A cyclops (D:11)
  2 manticores
  2 orc knights (Bailey)
  A troll (D:12)
  2 hornets
  5 yaks
  2 vampires
  2 wyverns
  A water moccasin (D:10)
  A necrophage (D:11)
  8 orc warriors
  3 ogres
  3 sky beasts
  4 wolves (Gauntlet)
  3 centaurs
  A crocodile (D:10)
  A big kobold (D:12)
  4 bullfrogs
  A scorpion (D:4)
  3 killer bees (D:10)
  An electric eel (D:10)
  4 jellies (D:6)
  5 wights (D:8)
  5 crimson imps
  3 bullfrog skeletons
  8 orc priests
  A centaur zombie (D:5)
  6 hounds
  11 orc wizards
  5 iguanas
  Natasha (thrice) (D:4)
  5 worker ants
  A hound skeleton (D:5)
  2 worker ant zombies
  14 gnolls
  11 adders
  A shadow imp (D:6)
  3 ufetubi (Gauntlet)
  An ooze (D:5)
  An adder zombie (D:9)
  An adder skeleton (D:7)
  A worm (D:2)
  7 leopard geckos
  63 orcs
  10 bats
  5 giant cockroaches
  9 goblins
  8 hobgoblins
  4 jackals
  2 quokkas
  A ball python (D:3)
  7 frilled lizards
  A giant cockroach zombie (D:6)
  13 kobolds
  8 rats
292 creatures vanquished.

Vanquished Creatures (collateral kills)
  A minotaur (Gauntlet)
  A blizzard demon (Gauntlet)
  A hydra (D:12)
  3 orc knights
  3 cyclopes
  A deep elf mage (D:10)
  An ugly thing (D:11)
  Joseph (D:7)
  7 yaks
  A wraith (D:10)
  A spriggan (D:10)
  2 steam dragons
  Menkaure (D:7)
  A sky beast (D:5)
  17 orc warriors
  A phantom (D:6)
  A black bear (D:12)
  A necrophage (D:10)
  4 ogres
  6 bullfrogs
  A wyvern skeleton (D:8)
  7 killer bees (D:10)
  4 wights (D:8)
  2 crimson imps
  A centaur zombie (D:6)
  3 orc priests
  2 orc wizards
  2 iguanas
  2 worker ants
  2 hound skeletons
  A worker ant zombie (D:11)
  3 adders
  An ufetubus (Gauntlet)
  3 leopard geckos
  44 orcs
  A giant cockroach (D:5)
  5 jackals
  2 kobolds
  A quokka (D:7)
  A jackal zombie (D:6)
  A rat (D:7)
144 creatures vanquished.

Vanquished Creatures (others)
  A cyclops (D:12)
  A yak (D:12)
  6 battlemagi
  2 ancestors
  2 orcs
  A plant (D:10)
13 creatures vanquished.

Grand Total: 449 creatures vanquished

Notes
Turn   | Place    | Note
-------+----------+-------------------------------------------
     0 | D:1      | Gildeon the Demonspawn Fighter began the quest for the Orb.
     0 | D:1      | Reached XP level 1. HP: 18/18 MP: 1/1
    46 | D:1      | Reached skill level 2 in Maces & Flails
   444 | D:1      | Gained mutation: You have a pair of small antennae on your
                  | head. [demonic ancestry]
   444 | D:1      | Reached XP level 2. HP: 24/24 MP: 2/2
  1130 | D:2      | Reached skill level 3 in Maces & Flails
  1226 | D:2      | Reached XP level 3. HP: 27/29 MP: 3/3
  1289 | D:2      | Reached skill level 4 in Maces & Flails
  1289 | D:2      | Gained mutation: You have a pair of antennae on your head.
                  | [demonic ancestry]
  1289 | D:2      | Reached XP level 4. HP: 14/35 MP: 4/4
  1654 | D:2      | Found a shimmering altar of Xom.
  2658 | D:3      | Reached XP level 5. HP: 39/41 MP: 5/5
  2864 | D:3      | Reached skill level 5 in Maces & Flails
  3061 | D:4      | Found a hazy altar of Hepliaklqana.
  3092 | D:4      | Became a worshipper of Hepliaklqana the Forgotten
  3152 | D:4      | Found an iron altar of Okawaru.
  3196 | D:4      | Found Kailaj's Armour Emporium.
  3254 | D:4      | Found a stormy altar of Qazlal.
  3254 | D:4      | Found an opulent altar of Gozag.
  3259 | D:4      | Gained mutation: You sometimes gain a little power by
                  | taking damage. [demonic ancestry]
  3259 | D:4      | Reached XP level 6. HP: 40/43 MP: 6/6
  3337 | D:4      | Found a faded altar of an unknown god.
  3339 | D:4      | Found a radiant altar of Vehumet.
  3339 | D:4      | Noticed Natasha
  3342 | D:4      | Killed Natasha
  3343 | D:4      | Found a burning altar of Makhleb.
  3483 | D:4      | Found a white marble altar of Elyvilon.
  3555 | D:4      | Noticed Natasha
  3562 | D:4      | Killed Natasha
  3586 | D:4      | Noticed Natasha
  3594 | D:4      | Killed Natasha
  3996 | D:5      | Entered Level 5 of the Dungeon
  4227 | D:5      | Gained mutation: A weak demonic guardian rushes to your
                  | aid. [demonic ancestry]
  4227 | D:5      | Reached XP level 7. HP: 49/49 MP: 7/7
  4247 | D:5      | Reached skill level 5 in Fighting
  4247 | D:5      | Reached skill level 6 in Maces & Flails
  4308 | D:5      | Reached * piety under Hepliaklqana
  4435 | D:5      | Noticed a hornet
  4440 | D:5      | Killed a hornet
  4879 | D:6      | Found a glowing silver altar of Zin.
  5000 | D:6      | Reached skill level 7 in Maces & Flails
  5000 | D:6      | Reached XP level 8. HP: 49/55 MP: 8/8
  5330 | D:6      | Reached skill level 5 in Armour
  5555 | D:4      | Bought a +2 chain mail of cold resistance for 236 gold
                  | pieces
  5779 | D:6      | Found a staircase to the Ecumenical Temple.
  5788 | Temple   | Entered the Ecumenical Temple
  5975 | D:6      | Reached skill level 1 in Dodging
  6116 | D:6      | Reached skill level 8 in Maces & Flails
  6376 | D:7      | Noticed a two-headed ogre
  6383 | D:7      | Killed a two-headed ogre
  6383 | D:7      | Gained mutation: You sometimes gain power by taking damage.
                  | [demonic ancestry]
  6383 | D:7      | Reached XP level 9. HP: 10/61 MP: 9/9
  6383 | D:7      | Noticed Joseph
  6652 | D:7      | Killed Joseph
  6652 | D:7      | Reached skill level 9 in Maces & Flails
  6745 | D:7      | Reached skill level 1 in Invocations
  6749 | D:7      | Reached ** piety under Hepliaklqana
  6764 | D:7      | Remembered your ancestor Grums as a battlemage
  6781 | D:7      | Reached skill level 1 in Evocations
  6800 | D:7      | Noticed Harold
  6813 | D:7      | Killed Harold
  6813 | D:7      | Reached skill level 5 in Dodging
  7174 | D:7      | Found a sacrificial altar of Ru.
  7235 | D:7      | Found an ornate altar of the Wu Jian Council.
  7236 | D:7      | Noticed Menkaure
  7244 | D:7      | Killed Menkaure
  7244 | D:7      | Gained mutation: You are partially covered in large bone
                  | plates. (SH +4) [demonic ancestry]
  7244 | D:7      | Reached XP level 10. HP: 57/66 MP: 13/13
  7403 | D:8      | Found Puuficropp's Antique Weapon Shoppe.
  7404 | D:8      | Noticed a two-headed ogre
  7410 | D:8      | Killed a two-headed ogre
  7421 | D:8      | Reached skill level 5 in Invocations
  7460 | D:8      | Found Gejaqibb's Antique Weapon Boutique.
  7935 | D:9      | Noticed a two-headed ogre
  7936 | D:9      | Found a staircase to the Lair.
  7937 | D:9      | Found the +3 crown of Dyrovepreva {rElec Int+2 SInv}
  7946 | D:9      | Killed a two-headed ogre
  7946 | D:9      | Reached skill level 10 in Maces & Flails
  7951 | D:9      | Reached skill level 5 in Evocations
  7969 | D:9      | Found a staircase to the Orcish Mines.
  7969 | D:9      | Found Melofael's Armour Boutique.
  8049 | D:9      | Found Jawkacao's Antique Armour Boutique.
  8059 | D:9      | Bought a glowing shield for 157 gold pieces
  8112 | D:9      | Reached skill level 5 in Shields
  8159 | D:9      | Reached *** piety under Hepliaklqana
  8541 | D:10     | Entered Level 10 of the Dungeon
  8579 | D:10     | Found a stormy altar of Qazlal.
  8611 | D:10     | Noticed a deep elf mage
  8618 | D:10     | Killed a deep elf mage
  8838 | D:10     | Upgraded the game from 0.25-a0-378-gd2ca0b7745 to
                  | 0.25-a0-398-g1920f1ac21
  8858 | D:10     | Upgraded the game from 0.25-a0-398-g1920f1ac21 to
                  | 0.25-a0-404-gc1b5a34292
  8948 | D:10     | Gained mutation: A demonic guardian rushes to your aid.
                  | [demonic ancestry]
  8948 | D:10     | Reached XP level 11. HP: 71/71 MP: 14/14
  9020 | D:10     | HP: 1/72 [orc warrior/+0 glaive (13)]
  9511 | D:10     | Reached skill level 1 in Spellcasting
  9681 | D:10     | Found a roughly hewn altar of Beogh.
 10047 | D:11     | Noticed an orc knight
 10061 | D:11     | HP: 2/72 [orc priest/divine providence (12)]
 10067 | D:11     | Killed an orc knight
 10473 | D:11     | Reached **** piety under Hepliaklqana
 10517 | D:11     | Noticed a brown ugly thing
 10527 | D:11     | Killed a brown ugly thing
 10594 | D:11     | Reached skill level 11 in Maces & Flails
 10679 | D:11     | Found Hoper's General Store.
 10681 | D:11     | Found Wuleno's Jewellery Shoppe.
 10691 | D:11     | Found Ukimugext's Book Shoppe.
 10691 | D:11     | Found Buocim's Weapon Shoppe.
 10857 | D:11     | Got a smoking scale mail
 10868 | D:11     | Identified the +4 scale mail of the Beekeeper {rPois} (You
                  | found it on level 11 of the Dungeon)
 10974 | D:11     | Learned a level 2 spell: Passwall
 11262 | D:11     | Upgraded the game from 0.25-a0-404-gc1b5a34292 to
                  | 0.25-a0-410-g53dbb631d1
 11529 | D:12     | Noticed a six-headed hydra
 11538 | D:12     | Killed a six-headed hydra
 11539 | D:12     | Found a gate leading to a gauntlet.
 11565 | Gauntlet | Entered a Gauntlet
 11565 | Gauntlet | Found a transporter.
 11565 | Gauntlet | Found a transporter.
 11566 | Gauntlet | Noticed a necromancer
 11570 | Gauntlet | Found a transporter.
 11570 | Gauntlet | Found a transporter.
 11571 | Gauntlet | Found a transporter.
 11571 | Gauntlet | Found a transporter.
 11574 | Gauntlet | Identified the amulet "Veshum" {Gourm rN+}
 11574 | Gauntlet | Noticed a death ooze
 11576 | Gauntlet | Noticed a sixfirhy
 11605 | Gauntlet | Found a transporter.
 11608 | Gauntlet | Found a transporter.
 11611 | Gauntlet | Noticed a death yak
 11611 | Gauntlet | Noticed a death yak
 11613 | Gauntlet | Noticed a death yak
 11613 | Gauntlet | Noticed a death yak
 11614 | Gauntlet | Found a runed translucent gate.
 11616 | Gauntlet | Found a transporter.
 11617 | Gauntlet | Found a runed translucent gate.
 11617 | Gauntlet | Noticed a death yak
 11618 | Gauntlet | Found a runed translucent gate.
 11618 | Gauntlet | Noticed a death yak
 11625 | Gauntlet | Noticed a necromancer
 11629 | Gauntlet | Noticed a blizzard demon
 11631 | Gauntlet | Found a runed translucent door.
 11632 | Gauntlet | Found a transporter.
 11633 | Gauntlet | Found a runed translucent door.
 11646 | Gauntlet | Found a transporter.
 11650 | Gauntlet | Found a transporter.
 11714 | Gauntlet | Killed a necromancer
 11786 | Gauntlet | Killed a sixfirhy
 11921 | Gauntlet | Killed a blizzard demon
 11921 | Gauntlet | Gained mutation: You are mostly covered in large bone
                  | plates. (SH +6) [demonic ancestry]
 11921 | Gauntlet | Reached XP level 12. HP: 13/80 MP: 17/17
 11928 | Gauntlet | Got a translucent cloak
 12117 | Gauntlet | Noticed a minotaur
 12126 | Gauntlet | Killed a minotaur
 12450 | D:12     | Identified the +0 cloak of the Good {MR+ MP-9 Str+2} (You
                  | found it in a Gauntlet)
 12531 | D:12     | Noticed a seven-headed hydra
 12539 | D:12     | Killed a seven-headed hydra
 13214 | D:13     | Found a gate to the Vaults.
 13257 | D:13     | Found a flagged portal.
 13265 | D:13     | Found the +5 scythe "Finisher" {speed, eviscerate}
 13278 | Bailey   | Entered a bailey
 13801 | D:13     | Upgraded the game from 0.25-a0-410-g53dbb631d1 to
                  | 0.25-a0-425-g0e000e855e
 13801 | D:13     | Quit the game

Levels and vault maps discovered:
D:1:      matt_arrival_grand_opening, layout_basic, minmay_misc_feat_five
D:2:      wad_pebble_path, layout_loops_corners, overflow_temple_1_default,
          minmay_tall_x
D:3:      layout_rooms, first_ration, nrook_loot_triangle
D:4:      layout_basic, elyvilon_altar_4, nicolae_overflow_crystal_walls,
          okawaru_altar_gauntlet_db, chequers_temple_overflow_minitemple,
          serial_shops, shop, uniq_natasha
D:5:      layout_loops_ring, kennysheep_generic_room_2
D:6:      layout_basic, marbit_many_paths, minmay_temple_entry_antechambers,
          minmay_misc_feat_nine_boxes
D:7:      layout_rooms, nicolae_ru_great_annihilating_truth, old_standard_altar,
          uniq_harold, uniq_menkaure, uniq_joseph
D:8:      layout_rooms, serial_shops, nicolae_shop_crystal, shop,
          fungi_pond_lemuel
D:9:      layout_roguey, lair_entry_dummy, orc_david_3, serial_shops,
          shop_fountains
D:10:     layout_loops_ring, special_room [special_room_orc], serial_bayou,
          serial_bayou_lagoon_a, serial_bayou_pond_d, serial_bayou_pond_e,
          serial_bayou_pond_d, hangedman_stone_soup,
          nicolae_qazlal_style_of_elements
D:11:     layout_roguey [special_room_orc], minmay_shop_grid_forest,
          dk_vineyard_1
D:12:     layout_loops_ring, gauntlet_entry_generic
D:13:     layout_roguey, erik_vaults_1, enter_bailey_2
Temple:   kb_corrupted_temple

Skill      XL: |  1  2  3  4  5  6  7  8  9 10 11 12 |
---------------+-------------------------------------+-----
Maces & Flails | 2 3 4 5 7 8 9 10 11 | 11.7
Fighting       | 4 5 6 7 |  7.6
Armour         | 4 5 6 7 |  7.2
Dodging        | 3 5 6 7 |  7.4
Invocations    | 4 5 |  5.0
Evocations     | 3 5 |  5.0
Shields        | 3 6 7 8 |  8.0
Spellcasting   | 3 4 |  4.9

Action                   |  1- 3 |  4- 6 |  7- 9 | 10-12 || total
-------------------------+-------+-------+-------+-------++-------
Melee: Flail             |   101 |   218 |   213 |    12 ||   544
       Morningstar       |       |       |    26 |   624 ||   650
Invok: Ancestor Identity |       |     1 |       |       ||     1
       Ancestor Life: Ba |       |       |     1 |       ||     1
       Recall Ancestor   |       |       |       |     2 ||     2
Evoke: Wand              |       |       |     2 |       ||     2
  Use: Scroll            |     1 |     9 |     2 |     8 ||    20
       Potion            |       |     1 |     3 |     3 ||     7
 Stab: Distracted        |       |     1 |     3 |     7 ||    11
       Paralysed         |       |       |     1 |       ||     1
  Eat: Chunk             |     1 |    10 |     6 |    22 ||    39
       Ration            |       |       |     1 |       ||     1
Armor: Scale mail        |    44 |    34 |       |    78 ||   156
       Chain mail        |       |    16 |    55 |    88 ||   159
       Ring mail         |       |    64 |    34 |       ||    98
Dodge: Dodged            |    27 |    60 |    38 |   173 ||   298
Block: Shield            |    44 |   103 |   160 |   686 ||   993
       Reflection        |       |       |     5 |    12 ||    17

Table legend:
 A = Non-vault XP
 B = Vault XP
 C = Vault XP percentage of total XP
 D = Non-vault monster count
 E = Vault monster count
 F = Vault count percentage of total count
                 A         B        C        D         E       F
            +---------+---------+-------+---------+---------+-------
      Total |   21333 |   11775 |  35.6 |     305 |     134 |  30.5
            +---------+---------+-------+---------+---------+-------
        D:1 |      25 |       0 |   0.0 |      18 |       0 |   0.0
        D:2 |     121 |       6 |   4.7 |      26 |       4 |  13.3
        D:3 |     168 |       0 |   0.0 |      31 |       0 |   0.0
        D:4 |     251 |      88 |  26.0 |      12 |       7 |  36.8
        D:5 |     547 |       4 |   0.7 |      12 |       2 |  14.3
        D:6 |    1010 |       0 |   0.0 |      28 |       0 |   0.0
        D:7 |    1847 |    1537 |  45.4 |      33 |       7 |  17.5
        D:8 |    1855 |       0 |   0.0 |      29 |       0 |   0.0
        D:9 |    1383 |     147 |   9.6 |       7 |       7 |  50.0
       D:10 |    1926 |    1189 |  38.2 |      25 |      29 |  53.7
       D:11 |    5145 |    1750 |  25.4 |      48 |      24 |  33.3
       D:12 |    6553 |       0 |   0.0 |      26 |       0 |   0.0
       D:13 |     502 |    1037 |  67.4 |      10 |       2 |  16.7
     Bailey |       0 |    2537 | 100.0 |       0 |      40 | 100.0
   Gauntlet |       0 |    3480 | 100.0 |       0 |      12 | 100.0
            +---------+---------+-------+---------+---------+-------
